 Dungeon Crawl Stone Soup version 0.31.0-12-g77e489cdc1 (webtiles) character file.

Game seed: 13718823704544819629

45281 Marvel the Severer (level 14, -13/132 HPs)
             Began as a Hill Orc Fighter on Feb 16, 2024.
             Was the Champion of Jiyva.
             Mangled by a white ugly thing (29 damage)
             ... on level 14 of the Dungeon.
             The game lasted 00:32:59 (11693 turns).

Marvel the Severer (Hill Orc Fighter)              Turns: 11693, Time: 00:32:59

Health: -13/132    AC: 10    Str: 24    XL:     14   Next: 32%
Magic:  14/14      EV: 16    Int:  8    God:    Jiyva [******]
Gold:   1040       SH:  6    Dex: 10    Spells: 13/13 levels left

rFire   + . .        F - +0 broad axe (freeze)
rCold   . . .        c - +0 buckler
rNeg    . . .        N - +2 scale mail {rF+}
rPois   .            (no helmet)
rElec   .            i - +0 cloak
rCorr   +            (no gloves)
SInv    .            (no boots)
Will    ++...        I - amulet of regeneration
Stlth   +            u - +5 ring of evasion
HPRegen 4.42/turn    x - ring of willpower
MPRegen 0.94/turn

%: clarity
@: no status effects
A: clarity, regeneration 2, shaggy fur 2, wild magic 1, pseudopods 3, tendrils
a: Renounce Religion, Oozemancy, Slimify


You were on level 14 of the Dungeon.
You worshipped Jiyva.
Jiyva was exalted by your worship.
You visited 1 branch of the dungeon, and saw 15 of its levels.
You also visited: Bailey and Ice Cave.

You collected 1769 gold pieces.
You spent 729 gold pieces at shops.

Inventory:

Hand Weapons
 a - a +0 war axe
 f - a +0 short sword of distortion
 s - a +4 short sword of venom
 z - a +4 hand axe
 F - a +0 broad axe of freezing (weapon)
 G - a +4 scimitar of flaming
Missiles
 d - 5 throwing nets
 o - 42 poisoned darts (quivered)
 t - 7 curare-tipped darts
Armour
 c - a +0 buckler (worn)
 i - a +0 cloak (worn)
 w - the +1 ring mail "Gotuwum" {rCorr}
   (You found it on level 6 of the Dungeon)

   rCorr:     It protects you from acid and corrosion.
 N - a +2 scale mail of fire resistance (worn)
Jewellery
 u - a +5 ring of evasion (left hand)
 v - a +6 ring of intelligence
 x - a ring of willpower (right hand)
 y - an amulet of guardian spirit
 A - a ring of protection from cold
 C - a ring of protection from cold
 D - a +6 ring of intelligence
 E - the ring "Fahociw" {rPois SInv}
   (You found it in an ice cave)

   [ring of poison resistance]

   rPois:     It protects you from poison SInv: It lets you see invisible.
 I - an amulet of regeneration (around neck)
 J - an amulet of faith
Wands
 j - a wand of acid (7)
 n - a wand of flame (46)
 B - a wand of paralysis (6)
Scrolls
 h - 7 scrolls of identify
 m - a scroll of amnesia
 p - a scroll of butterflies
 q - a scroll of teleportation
 M - a scroll of noise {unknown}
Potions
 b - 2 potions of enlightenment {unknown}
 k - 4 potions of curing
 l - 2 potions of berserk rage {unknown}
 r - 2 potions of mutation {unknown}
 H - a potion of lignification
 K - a potion of attraction
 L - 2 potions of brilliance {unknown}
Miscellaneous
 e - a sack of spiders
 g - a phantom mirror


   Skills:
 + Level 14.0 Fighting
 + Level 1.8 Short Blades
 * Level 20.5 Axes
 + Level 0.1 Throwing
 + Level 9.4 Armour
 - Level 5.6 Dodging
 - Level 5.5 Stealth
 + Level 9.5 Shields
 + Level 1.1 Evocations


You had 13 spell levels left.
You didn't know any spells.
Your spell library contained the following spells:

 Spells                   Type           Power      Damage    Failure   Level
 Freeze                   Ice            0%         1d3       78%         1
 Magic Dart               Conj           0%         1d3       78%         1
 Shock                    Conj/Air       0%         1d3       78%         1
 Blink                    Tloc           0%         N/A       89%         2
 Call Imp                 Summ           0%         N/A       89%         2
 Mercury Vapours          Alch/Air       0%         N/A       89%         2
 Frozen Ramparts          Ice            0%         1d1       98%         3
 Gell's Gravitas          Tloc           0%         N/A       98%         3
 Hailstorm                Conj/Ice       0%         3d5       98%         3
 Mephitic Cloud           Conj/Alch/Air  0%         N/A       98%         3
 Swiftness                Air            0%         N/A       98%         3
 Teleport Other           Tloc           0%         N/A       98%         3
 Airstrike                Air            0%         2d(0-16)  100%        4
 Freezing Cloud           Conj/Ice/Air   0%         6-21      100%        5
 Dispersal                Tloc           0%         N/A       100%        6
 Malign Gateway           Summ/Tloc      0%         N/A       100%        7
 Summon Horrible Things   Summ           0%         N/A       100%        8


Dungeon Overview and Level Annotations

Branches:
Dungeon (15/15)            Temple (0/1) D:4            Lair (0/5) D:11
    Orc (0/2) D:10         Vaults (0/5) D:14         Depths (0/4) D:15
 Bailey (visited)           IceCv (visited)

Altars:
Gozag
Wu Jian
Jiyva

Shops:
D:9 ?   D:12 =   D:15 [

Portals:
Trove: D:11 (give +3 gold dragon scales)

Annotations:
D:9 3 transporters


Innate Abilities, Weirdness & Mutations

You possess an exceptional clarity of mind.
You heal very quickly.
You are covered in thick fur. (AC +2)
Your spells are a little harder to cast, but a little more powerful.
Armour fits poorly on your massive pseudopods.
You are covered in slimy tendrils that may disarm your opponents.


Message History

The centaur warrior is almost dead.
You closely miss the white ugly thing. You slash the white ugly thing!
The white ugly thing misses you.
The centaur warrior barely misses you. x2
Jiyva gurgles merrily.
You hit the centaur warrior but do no damage.
You bludgeon the centaur warrior.
The centaur warrior is almost dead.
You slash the white ugly thing! You freeze the white ugly thing.
You hit the white ugly thing. You freeze the white ugly thing.
The white ugly thing closely misses you.
The centaur warrior barely misses you. The centaur warrior misses you.
The white ugly thing completely misses you.
You barely miss the centaur warrior.
The centaur warrior is almost dead.
You hit the white ugly thing. You slash the white ugly thing!
You freeze the white ugly thing.
The centaur warrior hits you with a +0 flail!
* * * LOW HITPOINT WARNING * * *
Your tendrils lash around the centaur warrior's +0 flail and pull it to the ground!
The centaur warrior kicks you but does no damage.
The white ugly thing barely misses you.
The white ugly thing kicks you but does no damage.
You slash the centaur warrior! You freeze the centaur warrior.
You kill the centaur warrior!
You completely miss the white ugly thing.
You barely miss the white ugly thing. The white ugly thing engulfs you!
* * * LOW HITPOINT WARNING * * *
The white ugly thing freezes you!!
* * * LOW HITPOINT WARNING * * *
The white ugly thing attacks as it pursues you!
The white ugly thing completely misses you.
You barely miss the white ugly thing. You bludgeon the white ugly thing.
The white ugly thing is almost dead.
You closely miss the white ugly thing.
Your bludgeon misses the white ugly thing.
The white ugly thing is almost dead.
The white ugly thing kicks you.
* * * LOW HITPOINT WARNING * * *
The white ugly thing freezes you!!
You die...

#### #######'#.................
...#.................
#......#.................
#......#..#####....####..
#......#..# #....# #..
#......#..# #....# #..
#......#..# #....# #..
#......#..# #....# #..
#.....)#@.#####....####..
#....uu................ ....#
#..†.###'#####'###..J.. #...#
........##..........#.#### ....#
........##..........#.#### ....#
........##..........'..... ....#
........##..........#.....
....########################.....
..............#########..........


You could see 2 ugly things.

Vanquished Creatures
  A white draconian (IceCv)
  A rakshasa (D:15)
  4 vault guards (D:14)
  4 centaur warriors
  A catoblepas (D:15)
  2 hydras
  7 two-headed ogres
  An occultist (D:15)
  A skeletal warrior (D:12)
  An arcanist (D:13)
  A harpy (shapeshifter) (D:14)
  A deep elf pyromancer (D:14)
  A necromancer (D:15)
  3 cyclopes (D:15)
  3 manticores
  13 ugly things
  3 meliai (D:15)
  A gargoyle (D:7)
  2 ice statues (IceCv)
  Jeremiah (D:8)
  A cane toad (shapeshifter) (D:14)
  A centaur skeleton (D:15)
  2 unseen horrors (D:10)
  A kobold demonologist (D:7)
  4 rime drakes (IceCv)
  2 komodo dragons (D:11)
  An efreet (D:15)
  8 trolls
  3 tengu conjurers (D:15)
  2 centaur simulacra (D:14)
  A water elemental (D:12)
  4 wraiths
  A vampire (D:7)
  2 basilisks
  23 yaks
  A warg (D:10)
  A fire bat (shapeshifter) (D:14)
  Grum (D:9)
  5 vampire mosquitoes
  An acid dragon (D:7)
  A black bear (shapeshifter) (D:13)
  2 black bears
  8 orc warriors
  An ice beast (D:7)
  4 laughing skulls
  4 ogres
  9 centaurs
  6 wolves
  A phantom (D:4)
  5 kobold brigands
  4 bullfrogs
  Blork the orc (D:5)
  3 gnoll sergeants
  A scorpion (D:7)
  5 wights
  2 lindwurm simulacra (IceCv)
  12 killer bees
  3 howler monkeys (D:11)
  7 electric eels
  A bombardier beetle (D:7)
  4 hounds
  7 komodo dragon simulacra (IceCv)
  6 orc priests
  2 gnoll boudas
  Ijyb (D:3)
  3 iguanas
  2 sleepcaps
  15 orc wizards
  A boggart zombie (D:15)
  A boggart simulacrum (D:15)
  19 gnolls
  6 acid dragon simulacra (IceCv)
  5 adders
  A shadow imp (D:7)
  A white imp (D:5)
  6 steam dragon simulacra (IceCv)
  3 dart slugs
  2 ribbon worms
  43 orcs
  6 ball pythons
  5 endoplasms (D:1)
  A giant cockroach (D:2)
  7 goblins
  5 hobgoblins
  2 jackals (D:4)
  21 kobolds
  4 quokkas
  7 bats
  A frilled lizard (D:1)
  6 rats
390 creatures vanquished.

Vanquished Creatures (collateral kills)
  An ogre mage (D:15)
  A boulder beetle (D:15)
  2 two-headed ogres (D:15)
  A cyclops (D:7)
  2 yaks (D:9)
  3 ogres (D:15)
  A wolf (D:9)
  A bullfrog (D:7)
  A kobold (D:9)
13 creatures vanquished.

Vanquished Creatures (others)
  A deep elf pyromancer (D:12)
  3 slime creatures (D:14)
  A shadow (D:12)
  2 yaks
  2 kobold brigands
  2 electric eels (D:12)
  52 jellies
  A gnoll bouda (Bailey)
  An orc priest (D:5)
  3 orc wizards
  An adder (D:4)
  9 orcs
  A giant cockroach (D:2)
  7 kobolds
  2 bats (D:2)
88 creatures vanquished.

Grand Total: 491 creatures vanquished

Notes
Turn   | Place    | Note
-------+----------+-------------------------------------------
     0 | D:1      | Marvel the Hill Orc Fighter began the quest for the Orb.
     0 | D:1      | Reached XP level 1. HP: 19/19 MP: 1/1
    33 | D:1      | Reached XP level 2. HP: 27/27 MP: 2/2
    84 | D:1      | Reached skill level 3 in Axes
   165 | D:1      | Reached XP level 3. HP: 33/33 MP: 3/3
   480 | D:1      | Found a faded altar of an unknown god.
   606 | D:1      | Prayed at the altar of an unknown god.
   606 | D:1      | Became a worshipper of Jiyva Jatefad the Shapeless
   606 | D:1      | Reached * piety under Jiyva
   907 | D:2      | Reached XP level 4. HP: 41/41 MP: 4/4
  1169 | D:3      | Reached skill level 4 in Axes
  1177 | D:3      | Reached ** piety under Jiyva
  1487 | D:3      | Noticed Ijyb
  1500 | D:3      | Killed Ijyb
  1851 | D:4      | Reached skill level 5 in Axes
  1851 | D:4      | Reached XP level 5. HP: 47/47 MP: 5/5
  1896 | D:4      | Found a staircase to the Ecumenical Temple.
  1936 | D:4      | Reached *** piety under Jiyva
  1936 | D:4      | Gained mutation: You are covered in slimy tendrils that may
                  | disarm your opponents. [Jiyva's grace]
  1936 | D:4      | Gained mutation: You are covered in fur. (AC +1) [Jiyva's
                  | grace]
  1936 | D:4      | Gained mutation: You are covered in thick fur. (AC +2)
                  | [Jiyva's grace]
  1936 | D:4      | Gained mutation: Your thick and shaggy fur keeps you warm.
                  | (AC +3, rC+) [Jiyva's grace]
  1940 | D:4      | Noticed a phantom
  1948 | D:4      | Killed a phantom
  2003 | D:4      | Noticed a black bear
  2018 | D:4      | Reached skill level 6 in Axes
  2018 | D:4      | Reached XP level 6. HP: 39/53 MP: 6/6
  2018 | D:4      | Killed a black bear
  2184 | D:4      | Reached skill level 1 in Dodging
  2250 | D:4      | Reached XP level 7. HP: 41/60 MP: 7/7
  2465 | D:5      | Entered Level 5 of the Dungeon
  2482 | D:5      | Reached skill level 7 in Axes
  2645 | D:5      | Noticed Blork the orc
  2654 | D:5      | Killed Blork the orc
  2655 | D:5      | Reached skill level 5 in Fighting
  2744 | D:5      | Reached skill level 5 in Armour
  3013 | D:6      | Reached **** piety under Jiyva
  3049 | D:6      | Reached skill level 8 in Axes
  3178 | D:6      | Reached XP level 8. HP: 61/69 MP: 8/8
  3350 | D:6      | Reached skill level 9 in Axes
  3366 | D:6      | Identified the +1 ring mail "Gotuwum" {rCorr}
  3527 | D:7      | Identified the +4 long sword of Mawaq {speed, rElec rC+
                  | Dex-2}
  3527 | D:7      | Noticed a vampire
  3549 | D:8      | Noticed Jeremiah
  3549 | D:8      | Noticed a yak
  3585 | D:7      | Killed a vampire
  3586 | D:7      | Reached skill level 10 in Axes
  3586 | D:7      | Reached skill level 1 in Stealth
  3586 | D:7      | Reached XP level 9. HP: 26/78 MP: 9/9
  3633 | D:7      | Reached skill level 5 in Shields
  3691 | D:7      | Noticed a kobold demonologist
  3698 | D:7      | Noticed a red devil
  3705 | D:7      | Noticed a smoke demon
  3706 | D:7      | Killed a kobold demonologist
  3762 | D:7      | Reached skill level 1 in Short Blades
  3762 | D:7      | Reached skill level 11 in Axes
  3840 | D:7      | Noticed a gargoyle
  3937 | D:7      | HP: 3/79 [gargoyle/+0 mace of holy wrath (13)]
  3945 | D:7      | Killed a gargoyle
  3982 | D:7      | Reached ***** piety under Jiyva
  4037 | D:7      | Reached skill level 12 in Axes
  4037 | D:7      | Reached XP level 10. HP: 62/88 MP: 10/10
  4051 | D:7      | Found a flagged portal.
  4059 | Bailey   | Entered a bailey
  4336 | D:7      | Noticed a cyclops
  4350 | D:7      | Killed a cyclops
  4516 | D:7      | Gained mutation: You have a small jelly attached to you
                  | that may absorb projectiles. [Jiyva's grace]
  4516 | D:7      | Gained mutation: Your body has grown eyes which may confuse
                  | attackers. (Acc +3) [Jiyva's grace]
  4516 | D:7      | Gained mutation: Your body has grown many eyes which may
                  | confuse attackers. (Acc +5) [Jiyva's grace]
  4516 | D:7      | Gained mutation: Your body is covered in eyes which may
                  | confuse attackers. (Acc +7, SInv) [Jiyva's grace]
  4740 | D:8      | Reached skill level 13 in Axes
  4980 | D:8      | Killed Jeremiah
  5370 | D:9      | Found Iwungut's Magic Scroll Shoppe.
  5401 | D:9      | Bought a scroll of enchant armour for 105 gold pieces
  5401 | D:9      | Bought a scroll of teleportation for 42 gold pieces
  5442 | D:9      | Noticed Grum
  5460 | D:9      | Killed Grum
  5461 | D:9      | Reached skill level 14 in Axes
  5461 | D:9      | Found a transporter.
  5513 | D:9      | Found a transporter.
  5517 | D:9      | Found a transporter.
  5519 | D:9      | Found a transporter.
  5591 | D:9      | Reached XP level 11. HP: 84/95 MP: 11/11
  5745 | D:9      | Noticed a two-headed ogre
  5762 | D:9      | Killed a two-headed ogre
  5996 | D:10     | Entered Level 10 of the Dungeon
  5996 | D:10     | Noticed a four-headed hydra
  6088 | D:9      | Killed a four-headed hydra
  6253 | D:10     | Reached skill level 5 in Dodging
  6292 | D:10     | Found a staircase to the Orcish Mines.
  6361 | D:10     | Reached skill level 1 in Evocations
  6412 | D:10     | Reached skill level 10 in Fighting
  6690 | D:10     | Found an opulent altar of Gozag.
  6690 | D:10     | Found an ornate altar of the Wu Jian Council.
  6870 | D:11     | Reached skill level 5 in Stealth
  6898 | D:11     | Noticed a two-headed ogre
  6899 | D:11     | Noticed a two-headed ogre
  6913 | D:11     | Killed a two-headed ogre
  6914 | D:11     | Reached skill level 15 in Axes
  6914 | D:11     | Reached XP level 12. HP: 96/106 MP: 12/12
  6916 | D:11     | Killed a two-headed ogre
  6961 | D:11     | Lost mutation: Your body is covered in eyes which may
                  | confuse attackers. (Acc +7, SInv) [Jiyva's grace]
  6961 | D:11     | Gained mutation: You are resistant to electric shocks.
                  | (rElec) [Jiyva's grace]
  6961 | D:11     | Gained mutation: Your spells are a little harder to cast,
                  | but a little more powerful. [Jiyva's grace]
  6961 | D:11     | Gained mutation: Your spells are harder to cast, but more
                  | powerful. [Jiyva's grace]
  6961 | D:11     | Gained mutation: Your spells are much harder to cast, but
                  | much more powerful. [Jiyva's grace]
  6991 | D:11     | Found a staircase to the Lair.
  7079 | D:11     | Reached ****** piety under Jiyva
  7321 | D:11     | Identified a scroll of acquirement
  7321 | D:11     | Acquired 798 gold pieces
  7602 | D:11     | Found a portal to a secret trove of treasure.
  7813 | D:12     | Noticed a two-headed ogre
  7826 | D:12     | Killed a two-headed ogre
  8126 | D:12     | Noticed a two-headed ogre
  8139 | D:12     | Killed a two-headed ogre
  8201 | D:12     | Found a frozen archway.
  8212 | IceCv    | Entered an ice cave
  8406 | IceCv    | Noticed a white draconian
  8438 | IceCv    | Killed a white draconian
  8439 | IceCv    | Reached skill level 16 in Axes
  8535 | IceCv    | Identified the ring "Fahociw" {rPois SInv}
  9125 | D:12     | Found Niypn's Jewellery Boutique.
  9141 | D:12     | Bought an amulet of regeneration for 390 gold pieces
  9716 | D:13     | Reached skill level 17 in Axes
  9805 | D:13     | Reached XP level 13. HP: 114/117 MP: 13/13
 10021 | D:13     | Lost mutation: Your thick and shaggy fur keeps you warm.
                  | (AC +3, rC+) [Jiyva's grace]
 10021 | D:13     | Lost mutation: You are resistant to electric shocks.
                  | (rElec) [Jiyva's grace]
 10021 | D:13     | Lost mutation: Your spells are much harder to cast, but
                  | much more powerful. [Jiyva's grace]
 10021 | D:13     | Gained mutation: Your natural rate of healing is unusually
                  | fast. [Jiyva's grace]
 10021 | D:13     | Gained mutation: You heal very quickly. [Jiyva's grace]
 10021 | D:13     | Gained mutation: You regenerate. [Jiyva's grace]
 10021 | D:13     | Gained mutation: Your melee attacks may engulf your foes in
                  | ooze. [Jiyva's grace]
 10182 | D:14     | Found a gate to the Vaults.
 10182 | D:14     | Noticed a vault guard
 10182 | D:14     | Noticed a vault guard
 10182 | D:14     | Noticed a vault guard
 10182 | D:14     | Noticed a vault guard
 10210 | D:15     | Entered Level 15 of the Dungeon
 10223 | D:15     | Reached skill level 18 in Axes
 10234 | D:15     | Noticed a rakshasa
 10239 | D:15     | Killed a rakshasa
 10281 | D:15     | Found a staircase to the Depths.
 10392 | D:15     | Paralysed by something for 4 turns
 10394 | D:15     | Reached skill level 19 in Axes
 10952 | D:15     | Found Jazabrud's Armour Shoppe.
 10961 | D:15     | Bought a +1 scale mail of fire resistance for 192 gold
                  | pieces
 11201 | D:14     | Killed a vault guard
 11202 | D:14     | Reached XP level 14. HP: 128/129 MP: 14/14
 11218 | D:14     | Reached skill level 20 in Axes
 11485 | D:14     | You fall into a shaft and drop 1 floor!
 11541 | D:14     | Lost mutation: You regenerate. [Jiyva's grace]
 11541 | D:14     | Lost mutation: Your spells are harder to cast, but more
                  | powerful. [Jiyva's grace]
 11541 | D:14     | Lost mutation: Your body has grown many eyes which may
                  | confuse attackers. (Acc +5) [Jiyva's grace]
 11541 | D:14     | Lost mutation: Your body has grown eyes which may confuse
                  | attackers. (Acc +3) [Jiyva's grace]
 11541 | D:14     | Lost mutation: You have a small jelly attached to you that
                  | may absorb projectiles. [Jiyva's grace]
 11541 | D:14     | Lost mutation: Your melee attacks may engulf your foes in
                  | ooze. [Jiyva's grace]
 11541 | D:14     | Gained mutation: You possess an exceptional clarity of
                  | mind. [Jiyva's grace]
 11541 | D:14     | Gained mutation: Armour fits poorly on your pseudopods.
                  | [Jiyva's grace]
 11541 | D:14     | Gained mutation: Armour fits poorly on your large
                  | pseudopods. [Jiyva's grace]
 11541 | D:14     | Gained mutation: Armour fits poorly on your massive
                  | pseudopods. [Jiyva's grace]
 11693 | D:14     | Mangled by a white ugly thing

Illustrated notes

Levels and vault maps discovered:
D:1:      matt_arrival_los_fun, layout_basic,
          shapermc_ecumenical_altar_flowoftime, minivault_14
D:2:      layout_rooms, kennysheep_path_1
D:3:      layout_loops_cross, uniq_ijyb
D:4:      layout_basic, minmay_temple_entry_hall, minmay_strange_pillars,
          minmay_a_box_with_orc_wizards_in_it
D:5:      layout_rooms, minmay_crossroads, uniq_blork_the_orc
D:6:      layout_basic, st_stairs_9, lemuel_flame_loot_1
D:7:      minmay_the_grid_octo_triangle [minmay_the_grid_octo_checkered,
          minmay_the_grid_octo_prize_star, minmay_the_grid_octo_fan_narrow],
          layout_cave_pools, enter_bailey_4
D:8:      layout_rooms, uniq_jeremiah
D:9:      layout_roguey, nicolae_stop_n_shop_1, nicolae_transporter_circle,
          uniq_grum
D:10:     layout_layer_cave, nicolae_overflow_two_pavilions, erik_orc_3,
          minmay_microvault
D:11:     layout_gridville, erik_lair_orcish_takeover, enter_trove_3,
          fungi_pond_lemuel
D:12:     minmay_spotlight, layout_basic, portal_ice_cave_entry_pillars_2,
          serial_shops, shop
D:13:     layout_loops_cross
D:14:     layout_stronghold, lightli_vaults_fourway_checkpoint,
          hangedman_abyss_or_decor_clamps
D:15:     grunt_enter_depths_magical_seal, layout_irregular_city,
          minmay_misc_feat_room, serial_shops, nicolae_shop_waterfront

Skill      XL: |  1  2  3  4  5  6  7  8  9 10 11 12 13 14 |
---------------+-------------------------------------------+-----
Axes           | 3 5 6 8 10 12 14 15 17 19 20 | 20.5
Fighting       | 4 5 6 7 8 10 11 13 14 | 14.0
Armour         | 4 5 6 7 8 9 |  9.4
Shields        | 4 5 6 7 8 9 |  9.5
Dodging        | 1 2 3 4 5 |  5.6
Stealth        | 1 3 5 |  5.5
Short Blades   | 1 |  1.8
Evocations     | 1 |  1.1
Throwing       | |  0.1

Action                     |  1- 3 |  4- 6 |  7- 9 | 10-12 | 13-15 || total
---------------------------+-------+-------+-------+-------+-------++-------
  Melee: War axe           |    99 |    93 |   165 |       |       ||   357
         Short sword       |       |       |    28 |    14 |       ||    42
         Hand axe          |       |       |   116 |   900 |       ||  1016
         Broad axe         |       |       |       |    57 |   254 ||   311
         Pseudopods        |       |       |       |       |     9 ||     9
  Throw: Dart              |       |       |       |     1 |       ||     1
  Evoke: Sack of spiders   |       |       |       |     2 |       ||     2
         Wand              |       |       |       |     5 |       ||     5
    Use: Scroll            |       |       |     5 |     5 |     4 ||    14
         Potion            |       |       |     4 |     1 |       ||     5
   Stab: Confused          |       |       |       |    45 |    16 ||    61
         Sleeping          |       |       |       |     1 |     1 ||     2
         Petrified         |       |       |       |       |     2 ||     2
         Distracted        |       |       |       |       |     1 ||     1
         Petrifying        |       |       |       |       |     1 ||     1
 Armour: Scale mail        |    67 |    91 |    66 |       |    72 ||   296
         Ring mail         |       |       |   130 |   430 |    98 ||   658
         Skin              |       |       |     9 |       |       ||     9
  Dodge: Dodged            |    65 |    37 |   203 |   548 |   133 ||   986
  Block: Buckler           |    25 |    28 |    83 |   214 |    54 ||   404
